 Dungeon Crawl Stone Soup version 0.22.1-7-g5c428e7 (webtiles) character file.

8322 Leggless the Spear-Bearer (level 11, -11/75 HPs)
             Began as an Octopode Fighter on Feb 15, 2019.
             Was an Elder of Makhleb.
             Mangled by Gastronok (35 damage)
             ... on level 10 of the Dungeon.
             The game lasted 00:28:21 (12829 turns).

Leggless the Spear-Bearer (Octopode Fighter)       Turns: 12829, Time: 00:28:22

Health: -11/75     AC:  1    Str: 18    XL:     11   Next: 29%
Magic:  15/15      EV: 15    Int: 11    God:    Makhleb [****..]
Gold:   649        SH: 11    Dex: 14    Spells: 3/10 levels left

rFire    + . .     SeeInvis +   J - +0 trident (venom)
rCold    . . .     Gourm    .   b - +1 shield
rNeg     . . .     Faith    .   (helmet restricted)
rPois    .         Spirit   .   (no amulet)
rElec    .         Reflect  .   j - ring of protection from fire
rCorr    .         Harm     .   f - ring of see invisible
MR       .....                  v - +2 ring of strength
Stlth    ++++......             E - ring of wizardry
HPRegen  0.22/turn              (no ring)
MPRegen  0.14/turn              (no ring)
                                (no ring)
                                (no ring)

@: no status effects
A: almost no armour, stealthy swim, amphibious, 8 rings, constrict 8, camouflage
1, gelatinous body 1
a: Minor Destruction, Lesser Servant of Makhleb, Major Destruction, Renounce
Religion


You were on level 10 of the Dungeon.
You worshipped Makhleb.
Makhleb was greatly pleased with you.
You were not hungry.

You visited 1 branch of the dungeon, and saw 10 of its levels.
You also visited: Sewer.

You collected 649 gold pieces.

Inventory:

Hand Weapons
 a - a +4 scimitar of flaming
 F - a +2 halberd of flaming
 J - a +0 trident of venom (weapon)
Armour
 b - a +1 shield (worn)
Jewellery
 f - a ring of see invisible (right tentacle)
 j - a ring of protection from fire (left tentacle)
 u - an uncursed ring of protection from fire
 v - a +2 ring of strength (on tentacle)
 E - a ring of wizardry (on tentacle)
Wands
 q - a wand of acid (8)
 G - a wand of paralysis (6)
 K - a wand of digging (23)
 M - a wand of iceblast (8)
Scrolls
 g - a scroll of noise
 k - 2 scrolls of fear
 n - 11 scrolls of identify
 o - a scroll of enchant armour
 w - 6 scrolls of remove curse
 x - a scroll of fog {unknown}
 y - 2 scrolls of enchant weapon {unknown}
 z - a scroll of amnesia
 A - a scroll of blinking
 I - a scroll of magic mapping
Potions
 c - a potion of might
 e - 5 potions of curing {unknown}
 h - a potion of haste {unknown}
 i - 2 potions of magic {unknown}
 l - 8 potions of flight
 m - 5 potions of degeneration {unknown}
 p - a potion of agility
 r - 4 potions of mutation {unknown}
 s - a potion of brilliance {unknown}
 t - 2 potions of heal wounds {unknown}
 B - a potion of lignification {unknown}
 C - 2 potions of cancellation {unknown}
 D - 2 potions of ambrosia {unknown}
Miscellaneous
 H - a phial of floods
Comestibles
 d - 26 rations
 L - 5 chunks of flesh


   Skills:
 + Level 7.4 Fighting
 + Level 11.4 Polearms
 + Level 6.6 Dodging
 - Level 6.1 Stealth
 * Level 7.0 Shields
 - Level 5.5 Invocations


You had 3 spell levels left.
You knew the following spells:

 Your Spells              Type           Power        Failure   Level  Hunger
a - Blink                 Tloc           N/A          50%         2    ###....
b - Regeneration          Chrm/Necr      #.........   71%         3    ####...
c - Call Imp              Summ           #.......     50%         2    ###....

Your spell library contained the following spells:

 Spells                   Type           Power        Failure   Level  Hunger
 Animate Skeleton         Necr           N/A          36%         1    ##.....
 Corona                   Hex            #......      36%         1    ##.....
 Magic Dart               Conj           #...         36%         1    ##.....
 Pain                     Necr           #...         36%         1    ##.....
 Ensorcelled Hibernation  Hex/Ice        #.....       50%         2    ###....
 Slow                     Hex            #.......     50%         2    ###....
 Confuse                  Hex            #.......     71%         3    ####...
 Conjure Flame            Conj/Fire      #.......     71%         3    ####...
 Dazzling Spray           Conj/Hex       #.....       71%         3    ####...
 Mephitic Cloud           Conj/Pois/Air  #.......     71%         3    ####...
 Tukima's Dance           Hex            #.......     71%         3    ####...
 Vampiric Draining        Necr           #.........   71%         3    ####...
 Animate Dead             Necr           N/A          98%         4    #####..


Dungeon Overview and Level Annotations

Branches:
Dungeon (10/15)            Temple (0/1) D:6            Lair (0/6) D:9
    Orc (0/2) D:9

Altars:
Ashenzari
Cheibriados
Dithmenos
Elyvilon
Makhleb
Nemelex Xobeh
Okawaru
Sif Muna
Trog
Uskayaw
Vehumet
Xom
Yredelemnul
Zin
Beogh

Shops:
D:4 ?   D:8 }

Annotations:
D:5 exclusion: downstairs
D:6 exclusion: downstairs
D:7 exclusion: 2 downstairs
D:10 Gastronok


Innate Abilities, Weirdness & Mutations

You cannot wear most types of armour.
You are very stealthy in the water. (Stealth+)
You are amphibious.
You can wear up to eight rings at the same time.
You can use your tentacles to constrict eight enemies at once.
Your skin changes colour to match your surroundings (Stealth+).
Your rubbery body absorbs attacks. (AC +1, EV +1)


Message History

You puncture Gastronok!
Gastronok looks as sick as possible!
Gastronok is lightly wounded.
You hit Gastronok.
Gastronok is moderately wounded.
You puncture Gastronok!
Gastronok looks as sick as possible!
You squeeze Gastronok!
Gastronok is moderately wounded.
Gastronok waves his eye-stalks in wide circles.
The air twists around and strikes you!
You hit Gastronok but do no damage.
Gastronok looks as sick as possible!
You squeeze Gastronok, but do no damage.
Gastronok is moderately wounded.
Evoke which item? (* to show all) (? for menu, Esc to quit)
Aiming: Corrosive Bolt
Press: ? - help, Shift-Dir - straight line, f - Gastronok
Aim: Gastronok, wearing an embroidered hat (moderately wounded, poisoned, The bolt of acid hits Gastronok.
Gastronok is splashed with acid.
Gastronok is heavily wounded.
Gastronok bites you!!
You die...

...............÷.#.######.####
.#
.#.######...................#
.# .#.# #.######.#######.##.#
.# .#.# #.# #.# #.##.# .#
.#.######.# #.# #.##.###.#
..<.......# #.# #........#
...######## #.# #.##.#####
.#.# #.# #.##.# ##.# #@#
#.##.# #.# #w........##†# #.#
##.#########.# ## ##.# .# #.#
#. ...# .# #.####. ####
.#########......
...........####.
###############.# #.
#...........# #.# #.


You could see Gastronok.

Vanquished Creatures
  Harold (D:8)
  Erica (D:10)
  An unseen horror (D:10)
  Psyche (D:10)
  A troll (D:10)
  Grinder (Sewer)
  Prince Ribbit (D:6)
  A hippogriff (D:10)
  A wraith (D:10)
  A spriggan (D:9)
  6 yaks (D:9)
  A steam dragon (D:8)
  A hungry ghost (D:8)
  A water moccasin (D:7)
  4 orc warriors
  A sky beast (D:10)
  2 ice beasts
  2 phantoms (D:6)
  A necrophage (D:8)
  3 ogres
  2 centaurs
  2 big kobolds
  4 bullfrogs
  A wyvern skeleton (D:6)
  3 scorpions
  7 killer bees
  A howler monkey (D:5)
  A centaur zombie (D:7)
  A bullfrog zombie (D:6)
  4 crimson imps
  A quasit (Sewer)
  10 orc priests
  A bullfrog skeleton (D:5)
  3 hounds
  2 jellies
  7 orc wizards
  Jessica (D:6)
  A centaur skeleton (D:4)
  3 iguanas
  A worker ant (D:8)
  A killer bee zombie (D:8)
  3 big kobold zombies (Sewer)
  2 worker ant zombies
  13 adders
  4 gnolls (D:7)
  3 howler monkey skeletons
  A river rat (D:3)
  8 shadow imps
  2 ufetubi (Sewer)
  2 adder skeletons
  6 worms
  3 dart slugs
  A leopard gecko (D:4)
  33 orcs
  9 giant cockroaches
  5 hobgoblins
  21 jackals
  A quokka (D:8)
  2 ball pythons
  8 bats
  4 frilled lizards
  2 goblins
  A jackal zombie (D:3)
  22 kobolds
  A kobold zombie (Sewer)
  11 rats
257 creatures vanquished.

Vanquished Creatures (others)
  A big kobold zombie (Sewer)
  An ooze (Sewer)
2 creatures vanquished.

Grand Total: 259 creatures vanquished

Notes
Turn   | Place    | Note
-------+----------+-------------------------------------------
     0 | D:1      | Leggless the Octopode Fighter began the quest for the Orb.
     0 | D:1      | Reached XP level 1. HP: 16/16 MP: 1/1
   104 | D:1      | Found an iron altar of Okawaru.
   106 | D:1      | Found a shimmering altar of Xom.
   106 | D:1      | Found a shimmering altar of Xom.
   108 | D:1      | Found a shattered altar of Ashenzari.
   108 | D:1      | Found a snail-covered altar of Cheibriados.
   108 | D:1      | Found a radiant altar of Vehumet.
   257 | D:1      | Reached XP level 2. HP: 21/21 MP: 2/2
   435 | D:2      | Reached skill level 1 in Stealth
   780 | D:2      | Reached XP level 3. HP: 26/26 MP: 3/3
  1767 | D:3      | Found a basalt altar of Yredelemnul.
  1850 | D:3      | Reached XP level 4. HP: 23/31 MP: 4/4
  1950 | D:3      | Found a glowing drain.
  1963 | Sewer    | Entered a sewer
  2075 | Sewer    | Reached skill level 3 in Polearms
  2389 | Sewer    | Found a burning altar of Makhleb.
  2395 | Sewer    | Reached XP level 5. HP: 32/36 MP: 5/5
  2628 | Sewer    | Noticed Grinder
  2670 | Sewer    | Paralysed by Grinder for 4 turns
  2812 | Sewer    | Killed Grinder
  2812 | Sewer    | Reached XP level 6. HP: 26/43 MP: 6/6
  2864 | Sewer    | Reached skill level 4 in Polearms
  2973 | Sewer    | Reached XP level 7. HP: 47/47 MP: 7/7
  3000 | Sewer    | Became a worshipper of Makhleb the Destroyer
  3760 | D:3      | Learned a level 2 spell: Blink
  3940 | D:3      | Reached skill level 5 in Stealth
  4082 | D:3      | Reached * piety under Makhleb
  4757 | D:4      | Found a glowing silver altar of Zin.
  4921 | D:4      | Found Leaqips's Magic Scroll Shoppe.
  4948 | D:4      | Reached skill level 5 in Polearms
  4948 | D:4      | Reached XP level 8. HP: 54/54 MP: 8/8
  5513 | D:5      | Entered Level 5 of the Dungeon
  5716 | D:5      | Reached skill level 5 in Shields
  5891 | D:5      | Reached skill level 6 in Polearms
  6088 | D:5      | Found a white marble altar of Elyvilon.
  6095 | D:5      | Found a bloodstained altar of Trog.
  6100 | D:5      | Found an iron altar of Okawaru.
  6107 | D:5      | Found a deep blue altar of Sif Muna.
  6112 | D:5      | Found a hide-covered altar of Uskayaw.
  6119 | D:5      | Found a burning altar of Makhleb.
  6124 | D:5      | Found a shadowy altar of Dithmenos.
  6864 | D:6      | Reached ** piety under Makhleb
  6876 | D:6      | Noticed Prince Ribbit
  6885 | D:6      | Killed Prince Ribbit
  6885 | D:6      | Reached skill level 7 in Polearms
  7042 | D:6      | Reached XP level 9. HP: 56/60 MP: 9/9
  7068 | D:6      | Reached skill level 5 in Fighting
  7070 | D:6      | Reached skill level 5 in Dodging
  7444 | D:6      | Found a sparkling altar of Nemelex Xobeh.
  7444 | D:6      | Noticed Jessica
  7448 | D:6      | Killed Jessica
  7641 | D:6      | Found a staircase to the Ecumenical Temple.
  7644 | D:6      | Reached skill level 8 in Polearms
  8694 | D:7      | Reached *** piety under Makhleb
  8962 | D:7      | Reached skill level 9 in Polearms
  9115 | D:8      | Reached skill level 1 in Invocations
  9404 | D:8      | Noticed Harold
  9414 | D:8      | Killed Harold
  9414 | D:8      | Reached XP level 10. HP: 68/68 MP: 10/12
  9437 | D:8      | Found Hezij's Gadget Shop.
  9901 | D:8      | Reached skill level 10 in Polearms
 10259 | D:8      | Found a snail-covered altar of Cheibriados.
 10363 | D:8      | Learned a level 3 spell: Regeneration
 10834 | D:9      | Found a staircase to the Orcish Mines.
 10863 | D:9      | Found a roughly hewn altar of Beogh.
 11508 | D:9      | Found a staircase to the Lair.
 11588 | D:9      | Found a shattered altar of Ashenzari.
 11707 | D:9      | Found a sparkling altar of Nemelex Xobeh.
 11778 | D:10     | Entered Level 10 of the Dungeon
 11783 | D:10     | Reached **** piety under Makhleb
 11827 | D:10     | Noticed an unseen horror
 11836 | D:10     | Killed an unseen horror
 11849 | D:10     | Noticed Erica
 11859 | D:10     | Killed Erica
 11859 | D:10     | Reached skill level 11 in Polearms
 11859 | D:10     | Reached skill level 5 in Invocations
 11859 | D:10     | Reached XP level 11. HP: 58/75 MP: 14/14
 12522 | D:10     | Noticed Psyche
 12531 | D:10     | Killed Psyche
 12743 | D:10     | Noticed Gastronok
 12750 | D:10     | Learned a level 2 spell: Call Imp
 12829 | D:10     | Mangled by Gastronok

Skill      XL: |  1  2  3  4  5  6  7  8  9 10 11 |
---------------+----------------------------------+-----
Stealth        | 1 2 3 4 6 |  6.1
Polearms       | 3 4 5 7 9 11 | 11.4
Shields        | 4 5 6 7 |  7.0
Dodging        | 4 5 6 |  6.6
Fighting       | 4 6 7 |  7.4
Invocations    | 2 5 |  5.5

Action                   |  1- 3 |  4- 6 |  7- 9 | 10-12 || total
-------------------------+-------+-------+-------+-------++-------
Melee: Trident           |    51 |   105 |   408 |   273 ||   837
       Constrict         |    10 |    22 |    82 |    23 ||   137
       Tentacles         |     5 |    16 |    82 |    66 ||   169
Evoke: Wand              |       |       |       |     1 ||     1
  Use: Potion            |       |     1 |     1 |       ||     2
       Scroll            |       |       |    11 |       ||    11
 Stab: Sleeping          |    12 |     3 |    42 |    14 ||    71
       Distracted        |       |       |     2 |       ||     2
  Eat: Ration            |     1 |     1 |     1 |     1 ||     4
       Chunk             |       |     1 |    18 |     8 ||    27
Armor: Skin              |     1 |    13 |     8 |     6 ||    28
Dodge: Dodged            |    10 |    56 |   114 |    68 ||   248
Block: Shield            |    16 |    46 |   134 |    79 ||   275
